 Dungeon Crawl Stone Soup version 0.30-a0-949-g53dc5368d7 (webtiles) character file.

Game seed: 13036777283343177623

118 retardedninja the Trooper (level 5, 0/41 HPs)
             Began as a Human Fighter on Mar 27, 2023.
             Killed by divine providence
             ... invoked by an orc priest
              (15 damage)
             ... on level 3 of the Dungeon.
             The game lasted 00:01:57 (1603 turns).

retardedninja the Trooper (Human Fighter)           Turns: 1603, Time: 00:01:58

Health: 0/41       AC: 11    Str: 18    XL:     5   Next: 23%
Magic:  5/5        EV:  6    Int:  9    God:
Gold:   201        SH:  4    Dex: 12    Spells: 4/4 levels left

rFire   . . .      SeeInvis .    a - +0 war axe
rCold   . . .      Faith    .    c - +0 buckler
rNeg    . . .      Spirit   .    h - +0 chain mail
rPois   .          Reflect  .    g - +2 hat
rElec   .          Rampage  .    (no cloak)
rCorr   .                        (no gloves)
Will    .....                    (no boots) Stlth
                                 (no amulet)
HPRegen 0.26/turn                (no ring)
MPRegen 0.09/turn                (no ring)

@: mighty
A: no striking features
a: no special abilities


You were on level 3 of the Dungeon.
You visited 1 branch of the dungeon, and saw 3 of its levels.

You collected 201 gold pieces.

Inventory:

Hand Weapons
 a - a +0 war axe (weapon)
Armour
 c - a +0 buckler (worn)
 g - a +2 hat (worn)
 h - a +0 chain mail (worn)
Jewellery
 i - a ring of protection from fire
Wands
 q - a wand of flame (14)
Scrolls
 f - 5 scrolls of identify {unknown}
 l - a scroll of vulnerability {unknown}
 m - a scroll of magic mapping {unknown}
 n - a scroll of teleportation {unknown}
 p - a scroll of amnesia {unknown}
Potions
 b - 3 potions of attraction {unknown}
 d - a potion of might
 e - a potion of degeneration {unknown}
 j - a potion of heal wounds {unknown}
 k - a potion of mutation {unknown}
 o - a potion of cancellation {unknown}
 r - a potion of lignification {unknown}


   Skills:
 + Level 3.6 Fighting
 * Level 3.4 Axes
 + Level 3.6 Armour
 + Level 3.6 Shields


You had 4 spell levels left.
You didn't know any spells.
Your spell library was empty.

Dungeon Overview and Level Annotations

Branches:
Dungeon (3/15)

Altars:
Ashenzari

Shops:
D:1 !


Message History

Unknown command.
You miss the orc wizard.
The orc wizard is heavily wounded.
The orc wizard hits you but does no damage.
The orc priest calls upon Beogh to heal the orc wizard.
The orc wizard is healed somewhat.
The orc wizard hits you but does no damage.
Unknown command.
You closely miss the orc wizard.
The orc wizard is lightly wounded.
The orc wizard hits you but does no damage.
The orc priest calls upon Beogh to heal the orc wizard.
The orc wizard's wounds heal themselves!
You closely miss the orc wizard. The orc wizard casts a spell at you.
The puff of flame hits you.
The orc wizard hits you with a +0 dagger.
Unknown command.
Unknown command.
You miss the orc wizard.
The orc wizard hits you but does no damage.
You slash the orc wizard!
The orc wizard is almost dead.
The orc wizard gestures at you while chanting.
The puff of flame hits you.
The orc wizard hits you with a +0 dagger.
Unknown command.
You barely miss the orc wizard.
The orc wizard is almost dead.
You block the orc wizard's attack.
Unknown command.
You closely miss the orc wizard.
The orc wizard is almost dead.
The orc wizard hits you but does no damage.
Unknown command.
You slash the orc wizard!
You kill the orc wizard!
The orc priest calls down the wrath of Beogh upon you.
Beogh smites you!
You die...

...PPPP..♣♣♣♣.._..♣♣♣♣..PPPP...##
...............................#.
.##............#########.........
.............#..### #.........
###..........##...######.........
########### #.#......#.........
#[######........... #..#
...##.##### ##@# ##.... #)# ...


.go ##.. ..... .. ....... ... ......##. ....###. .. ###.# . .. You could see an
orc priest and a goblin.

Vanquished Creatures
  An orc priest (D:3)
  An orc wizard (D:3)
  3 adders
  2 worms
  2 dart slugs
  5 orcs
  5 ball pythons
  10 bats
  An endoplasm (D:1)
  2 goblins
  7 hobgoblins
  5 kobolds
  2 quokkas (D:1)
  A frilled lizard (D:1)
  3 rats
50 creatures vanquished.

Notes
Turn   | Place    | Note
-------+----------+-------------------------------------------
     0 | D:1      | retardedninja the Human Fighter began the quest for the
                  | Orb.
     0 | D:1      | Reached XP level 1. HP: 18/18 MP: 1/1
   102 | D:1      | Reached XP level 2. HP: 22/24 MP: 2/2
   392 | D:1      | Found Afeshat's Distillery.
   724 | D:1      | Reached XP level 3. HP: 28/29 MP: 3/3
   966 | D:2      | Reached XP level 4. HP: 35/35 MP: 4/4
  1474 | D:3      | Found a broken altar of Ashenzari.
  1582 | D:3      | Reached XP level 5. HP: 19/41 MP: 5/5
  1603 | D:3      | Killed from afar by an orc priest

Illustrated notes

Levels and vault maps discovered:
D:1:      pf_arrival_petrified_forest, layout_basic, serial_shops,
          nicolae_shop_stone
D:2:      layout_rooms, wad_orctagon
D:3:      layout_rooms, mainiacjoe_overflow_boulevard, general_overflow_altar,
          kennysheep_crisscross

Skill      XL: |  1  2  3  4 |
---------------+-------------+-----
Axes           | 3 |  3.4
Fighting       | |  3.6
Armour         | |  3.6
Shields        | |  3.6

Action                     |  1- 3 |  4- 6 || total
---------------------------+-------+-------++-------
  Melee: War axe           |    97 |    77 ||   174
    Use: Potion            |       |     1 ||     1
 Armour: Scale mail        |    12 |       ||    12
         Chain mail        |    48 |    62 ||   110
  Dodge: Dodged            |    37 |    19 ||    56
  Block: Buckler           |    29 |    19 ||    48

Table legend: (Time is in decaauts)
 A = Elapsed time spent in this place.
 B = Non-inter-level travel time spent in this place.
 C = Inter-level travel time spent in this place.
 D = Time resting spent in this place.
 E = Time spent auto-exploring this place.
 F = Levels seen in this place.
 G = Mean time per level.
                   A        B        C        D        E       F      G
               +--------+--------+--------+--------+--------+-----+--------+
         Total |   1672 |   1617 |     55 |    128 |   1061 |   3 |  557.3 |
       Dungeon |   1672 |   1617 |     55 |    128 |   1061 |   3 |  557.3 |
               +--------+--------+--------+--------+--------+-----+--------+

Top non-repeatable levels by time:
     D:1: 767 daAuts
     D:2: 671 daAuts
     D:3: 233 daAuts
